 Dungeon Crawl Stone Soup version 0.20.1-1-g8b1a95d66d (console) character file.

3859 Spline the Fighter (level 9, -9/127 HPs)
             Began as a Minotaur Berserker on Dec 27, 2017.
             Was a High Priest of Trog.
             Mangled by a two-headed ogre
             ... wielding a +0 giant club
              (14 damage)
             ... on level 8 of the Dungeon.
             The game lasted 00:33:08 (7470 turns).

Spline the Fighter (Minotaur Berserker)             Turns: 7470, Time: 00:33:09

Health: -9/127     AC: 18    Str: 28    XL:     9   Next: 99%
Magic:  8/8        EV: 10    Int:  7    God:    Trog [*****.]
Gold:   404        SH:  0    Dex:  9    Spells: 8/8 levels left

rFire    x . .     SeeInvis .   a - +0 hand axe
rCold    + . .     Gourm    .   (no shield)
rNeg     . . .     Faith    .   u - +0 plate armour
rPois    .         Spirit   .   (helmet restricted)
rElec    .         Reflect  .   o - +0 cloak
rCorr    .         Harm     .   (no gloves)
MR       .....                  (no boots)
Stlth    ..........             (no amulet)
Regen    0.4/turn               w - ring of ice
MPRegen  0.2/turn               y - +3 ring of protection

@: berserking, very quick
A: retaliatory headbutt, horns 2
a: Berserk, Trog's Hand, Brothers in Arms, Burn Spellbooks, Renounce Religion


You were on level 8 of the Dungeon.
You worshipped Trog.
Trog was extremely pleased with you.
You were very hungry.

You visited 1 branch of the dungeon, and saw 8 of its levels.
You also visited: Ossuary.

You collected 404 gold pieces.

Inventory:

Hand Weapons
 a - a +0 hand axe (weapon)
Armour
 o - a +0 cloak (worn)
 u - a +0 plate armour (worn)
Jewellery
 w - a ring of ice (left hand)
 y - a +3 ring of protection (right hand)
 z - an uncursed ring of ice
 G - an uncursed amulet of magic regeneration
 H - an uncursed ring of protection from fire
 J - an uncursed amulet of the gourmand {unknown}
Wands
 q - a wand of digging (16/24)
 s - a wand of scattershot (1/9)
 A - a wand of flame (14/48)
 I - a wand of polymorph (11/24)
Scrolls
 e - 8 scrolls of remove curse
 f - a scroll of brand weapon {unknown}
 h - 2 scrolls of identify
 i - 4 scrolls of teleportation {unknown}
 j - 4 scrolls of amnesia {unknown}
 l - 2 scrolls of fear {unknown}
 m - a scroll of enchant weapon {unknown}
 t - 2 scrolls of enchant armour {unknown}
 E - a scroll of immolation {unknown}
Potions
 d - a potion of resistance {unknown}
 k - 6 potions of curing {unknown}
 n - a potion of invisibility {unknown}
 p - a potion of degeneration {unknown}
 r - a potion of might {unknown}
 v - 3 potions of flight {unknown}
 x - 3 potions of mutation {unknown}
 B - 2 potions of haste {unknown}
 C - a potion of agility {unknown}
 D - 2 potions of ambrosia {unknown}
Books
 g - a book of Maledictions

   Spells                             Type                      Level
   a - Corona                         Hexes                        1
   b - Ensorcelled Hibernation        Hexes/Ice                    2
   c - Confuse                        Hexes                        3
   d - Tukima's Dance                 Hexes                        3
   e - Dazzling Spray                 Conjuration/Hexes            3
   Trog disapproves of the use of such an item.
Comestibles
 b - 5 meat rations
 c - 9 bread rations
 F - 3 chunks of flesh
 K - 2 fruits


   Skills:
 + Level 10.2 Fighting
 + Level 9.4 Axes
 + Level 9.0 Armour
 + Level 7.1 Dodging


You had 8 spell levels left.
You didn't know any spells.

Dungeon Overview and Level Annotations

Branches:
Dungeon (8/15)             Temple (0/1) D:6
   Lair: D:8-11

Altars:
Fedhas
Gozag
Nemelex Xobeh
Okawaru
Xom
Yredelemnul
Zin


Innate Abilities, Weirdness & Mutations

You reflexively headbutt those who attack you in melee.
You have a pair of horns on your head.


Message History

You headbutt the two-headed ogre, but do no damage.
The two-headed ogre is lightly wounded.
You hit the two-headed ogre. You headbutt the two-headed ogre.
The two-headed ogre is moderately wounded.
The two-headed ogre hits you with a giant club!!
The two-headed ogre hits you with a giant club!
You slash the two-headed ogre!
The two-headed ogre is heavily wounded.
A red film seems to cover your vision as you go berserk!
You feel yourself moving faster!
You feel mighty!
You are feeling very hungry.
The two-headed ogre hits you with a giant club!!
* * * LOW HITPOINT WARNING * * *
The two-headed ogre barely misses you.
You hit the two-headed ogre. You headbutt the two-headed ogre!
The two-headed ogre is severely wounded.
The two-headed ogre hits you with a giant club!!
* * * LOW HITPOINT WARNING * * *
The two-headed ogre hits you with a giant club!
You die...

#.####...# .# #.#. #.##...#..#..#...#..#..#...# ##.##
.# #.#.#####.##..#...###.....###...#..# #.#####)###.#
#.#....<.).......#..#.....#..#.....# #.....÷)).#.#
#.##.....[......#...#.....#...#....#
#######.#.#.######.##.####.###......#.#)..#.#.......#
...#.....#............# #.....#...#.#...#......#
#####.....#.##.##.###### #......................#
#######.......##.##.# ##.##.##############...#
....................# #....# #..##
#######......#.###### ####.# #..# ######.#.#######
#### .# #.># #.#.#...#≈≈≈ ≈≈≈ #..# #.#.#......####..#
#..# #.#...#....#$.#..# #..# #.####≈....##.#..# #..##
#.# #≈.......#..###.. #####...## #.#
#≈###....@O...... ..........## #.# #≈#.#............
##.#.......# #.# #≈#(....≈≈≈#'#### ##...>.##
#.####≈####..≈8≈# .. ##...## #....#≈..)...≈≈≈# ...
##...# ####.#≈((....#### #' #.#.# #.#≈####..# #.#.#
#..≈# #..# #.#.# #..≈# #..# ###.#.# #..≈# ...#
#...#.# #.[≈# ...' #.###.# #..≈# ###. #.# #.#
#..#≈≈≈≈≈ ###.###.# #..###### #...# ####.....#>#
##...# #.##.... ...#.....#.# #.#.# #.. .......#
.....(.....# #...# #..# #.##...# .#.#.....###


You could see a two-headed ogre.

Vanquished Creatures
  Joseph (D:7)
  The ghost of Alannah the Fiendish, a novice DsMo of Makhleb (D:5)
  Sigmund (D:2)
  A water moccasin (D:8)
  2 sky beasts (D:8)
  An orc warrior (D:8)
  A phantom (D:8)
  5 ogres
  2 black bears (D:6)
  2 centaurs
  The ghost of Democracy123 the Stinger, an amateur OpVM (D:3)
  An elf zombie (Ossuary)
  2 bullfrogs
  4 scorpions
  3 howler monkeys (D:8)
  4 crimson imps
  2 centaur zombies (Ossuary)
  9 hounds
  Crazy Yiuf (D:2)
  An orc priest (D:8)
  2 jellies (D:6)
  A bullfrog skeleton (D:4)
  A human zombie (Ossuary)
  Jessica (D:2)
  5 orc wizards
  3 worker ants
  A big kobold zombie (Ossuary)
  A hound zombie (D:5)
  4 hound skeletons
  2 mummies (Ossuary)
  5 gnolls
  11 adders
  2 shadow imps (D:8)
  2 adder skeletons
  An adder zombie (D:6)
  3 leopard geckos
  26 orcs
  2 ball pythons
  5 bats
  3 giant cockroaches
  5 goblins
  8 hobgoblins
  9 jackals
  7 kobolds
  2 quokkas
  4 frilled lizards
  3 goblin zombies
  14 hobgoblin zombies (Ossuary)
  A jackal skeleton (D:8)
  3 kobold zombies (Ossuary)
  9 orc zombies (Ossuary)
  3 rats
  4 rat zombies
198 creatures vanquished.

Notes
Turn   | Place    | Note
-------+----------+-------------------------------------------
     0 | D:1      | Spline the Minotaur Berserker began the quest for the Orb.
     0 | D:1      | Reached XP level 1. HP: 19/19 MP: 0/0
   317 | D:1      | Reached XP level 2. HP: 27/27 MP: 1/1
   640 | D:1      | Reached XP level 3. HP: 33/33 MP: 2/2
   967 | D:1      | Reached skill level 4 in Fighting
  1155 | D:1      | Noticed a scorpion
  1160 | D:1      | Killed a scorpion
  1160 | D:1      | Reached XP level 4. HP: 41/41 MP: 3/3
  1269 | D:2      | Found a runed door.
  1273 | D:2      | Noticed Crazy Yiuf
  1280 | D:2      | Killed Crazy Yiuf
  1280 | D:2      | Reached ** piety under Trog
  1280 | D:2      | Reached skill level 5 in Fighting
  1501 | D:2      | Found a faded altar of an unknown god.
  1730 | D:2      | Reached XP level 5. HP: 41/48 MP: 4/4
  1810 | D:2      | Noticed Jessica
  1814 | D:2      | Killed Jessica
  2043 | D:2      | Noticed Sigmund
  2051 | D:2      | Killed Sigmund
  2051 | D:2      | Reached skill level 6 in Fighting
  2051 | D:2      | Reached skill level 5 in Axes
  2051 | D:2      | Reached XP level 6. HP: 57/57 MP: 5/5
  2204 | D:3      | Noticed Democracy123's ghost (amateur OpVM)
  2219 | D:3      | Killed Democracy123's ghost
  2371 | D:3      | Reached skill level 5 in Armour
  2660 | D:3      | Reached skill level 7 in Fighting
  2660 | D:3      | Reached XP level 7. HP: 66/66 MP: 6/6
  2741 | D:3      | Found an iron altar of Okawaru.
  2894 | D:4      | Reached *** piety under Trog
  3268 | D:4      | Found a blossoming altar of Fedhas.
  3674 | D:5      | Entered Level 5 of the Dungeon
  3844 | D:5      | Found a glowing silver altar of Zin.
  3871 | D:5      | Found a shimmering altar of Xom.
  3871 | D:5      | Found a sparkling altar of Nemelex Xobeh.
  4068 | D:5      | Noticed Alannah's ghost (novice DsMo)
  4088 | D:5      | Killed Alannah's ghost
  4088 | D:5      | Reached skill level 8 in Fighting
  4088 | D:5      | Reached XP level 8. HP: 74/74 MP: 7/7
  4526 | D:6      | Found a staircase to the Ecumenical Temple.
  4566 | D:6      | Reached skill level 5 in Dodging
  4846 | D:5      | Reached skill level 9 in Fighting
  5076 | D:6      | Reached XP level 9. HP: 54/83 MP: 8/8
  5901 | D:7      | Found a basalt altar of Yredelemnul.
  5930 | D:7      | Found an opulent altar of Gozag.
  5978 | D:7      | Noticed Joseph
  5992 | D:7      | Killed Joseph
  6087 | D:7      | Found a sand-covered staircase.
  6094 | Ossuary  | Entered an ossuary
  6109 | Ossuary  | Reached **** piety under Trog
  6868 | D:8      | Reached ***** piety under Trog
  7164 | D:8      | Reached skill level 10 in Fighting
  7464 | D:8      | Noticed a two-headed ogre
  7470 | D:8      | HP: 5/127 [two-headed ogre/giant club (19)]
  7470 | D:8      | Mangled by a two-headed ogre

Skill      XL: |  1  2  3  4  5  6  7  8  9 |
---------------+----------------------------+-----
Armour         | 3 4 5 6 7 9 |  9.0
Axes           | 4 5 7 8 9 |  9.4
Fighting       | 4 5 6 7 8 9 10 | 10.2
Dodging        | 4 5 7 |  7.1

Action                   |  1- 3 |  4- 6 |  7- 9 || total
-------------------------+-------+-------+-------++-------
Melee: Hand axe          |    45 |    98 |   480 ||   623
       Headbutt          |     6 |    16 |    92 ||   114
Invok: Berserk           |     1 |     5 |    10 ||    16
  Use: Scroll            |       |       |     5 ||     5
  Eat: Chunk             |     2 |     4 |    15 ||    21
       Fruit             |       |     7 |     5 ||    12
       Royal jelly       |       |       |     2 ||     2
Armor: Animal skin       |     2 |       |       ||     2
       Chain mail        |     4 |    51 |    15 ||    70
       Plate armour      |       |       |   222 ||   222
Dodge: Dodged            |    33 |    38 |   158 ||   229
